 Dungeon Crawl Stone Soup version 0.29.0-13-gc9e81de378 (webtiles) character file.

Game seed: 312549156897397865

3783 groovy9 the Grappler (level 9, -1/92 HPs)
             Began as a Troll Berserker on Sept 7, 2022.
             Was a Priest of Trog.
             Slain by a gnoll
             ... wielding a +0 flail
             ... led by a gnoll bouda
              (4 damage)
             ... while paralysed by a hornet
             ... on level 8 of the Dungeon.
             The game lasted 00:34:40 (6496 turns).

groovy9 the Grappler (Troll Berserker)              Turns: 6496, Time: 00:34:40

Health: -1/92      AC:  8    Str: 31    XL:     9   Next: 95%
Magic:  8/8        EV:  1    Int:  3    God:    Trog [***...]
Gold:   539        SH:  0    Dex:  9    Spells: 8/8 levels left

rFire   + . .      SeeInvis .   A - +4 hammer of Analysis {vorpal, Will+}
rCold   . . .      Faith    .   (no shield)
rNeg    . . .      Spirit   .   o - +2 robe {rF+}
rPois   .          Reflect  .   (helmet restricted)
rElec   .          Harm     .   B - +1 cloak
rCorr   .          Rampage  .   (gloves unavailable)
Will    +++..                   (boots unavailable)
Stlth   +.........              s - amulet of the acrobat
HPRegen 2.85/turn               (no ring)
MPRegen 0.11/turn               (no ring)

@: paralysed, lethally poisoned (-1 -> -2), strong-willed, on berserk cooldown,
regenerating, slowed
A: large, unfitting armour, claws 3, regeneration 2, shaggy fur 1, tough skin 1,
MP-powered wands
a: Renounce Religion, Berserk, Trog's Hand


You were on level 8 of the Dungeon.
You worshipped Trog.
Trog was most pleased with you.
You visited 1 branch of the dungeon, and saw 8 of its levels.

You collected 539 gold pieces.

Inventory:

Hand Weapons
 e - a +3 whip of venom
 A - the +4 hammer of Analysis (weapon) {vorpal, Will+}
   (You found it on level 7 of the Dungeon)

   It inflicts extra damage upon your enemies.
   Will:      It increases your willpower.
Missiles
 b - 4 large rocks
 d - 6 javelins (quivered)
 j - 6 boomerangs
 r - 3 throwing nets
Armour
 o - a +2 robe of fire resistance (worn)
 B - a +1 cloak (worn)
Jewellery
 p - an amulet of guardian spirit
 s - an amulet of the acrobat (around neck)
 v - a ring of fire
Scrolls
 a - a scroll of magic mapping {unknown}
 c - a scroll of vulnerability
 g - 4 scrolls of teleportation
 k - 3 scrolls of enchant weapon
 q - 2 scrolls of blinking
 t - 2 scrolls of poison
 x - a scroll of enchant armour
 y - 2 scrolls of fear
Potions
 f - a potion of curing
 h - 4 potions of might
 i - 2 potions of attraction
 l - a potion of magic
 n - 4 potions of lignification
 u - a potion of brilliance
 w - a potion of resistance


   Skills:
 - Level 6.7 Fighting
 * Level 5.2 Maces & Flails
 - Level 2.4 Dodging
 - Level 11.1 Unarmed Combat


You had 8 spell levels left.
You didn't know any spells.
Your spell library was empty.

Dungeon Overview and Level Annotations

Branches:
Dungeon (8/15)             Temple (0/1) D:4
   Lair: D:8-11

Altars:

Shops:
D:7 *


Innate Abilities, Weirdness & Mutations

You are too large for most types of armour.
You have claws for hands.
You heal very quickly.
You are covered in fur. (AC +1)
You have tough skin. (AC +1)
You expend magic power (3 MP) to strengthen your wands.


Message History

The hornet stings you.
You suddenly lose the ability to move!
The hornet stings you.
You are poisoned.
You feel yourself slow down.
The gnoll bouda hits you but does no damage.
You can move again.
You sock the hornet!
The hornet is almost dead.
You feel sick.
The gnoll is no longer moving quickly.
The hornet completely misses you. The hornet barely misses you.
You sock the gnoll bouda!
The gnoll bouda is heavily wounded.
You are no longer berserk.
You are exhausted.
You feel as though you will be slow longer.
You feel sick.
The hornet stings you but does no damage.
The gnoll hits you with a +0 flail!
* * * LOW HITPOINT WARNING * * *
The gnoll bouda hits you but does no damage.
The hornet stings you!
* * * LOW HITPOINT WARNING * * *
You feel as though you will be slow longer.
The gnoll hits you but does no damage.
You completely miss the gnoll bouda.
The gnoll bouda is heavily wounded.
You feel sick. The hornet barely misses you.
The gnoll bouda hits you but does no damage.
The hornet closely misses you. The gnoll hits you with a +0 flail.
* * * LOW HITPOINT WARNING * * *
The gnoll bouda hits you with a +0 whip.
* * * LOW HITPOINT WARNING * * *
The hornet stings you!
* * * LOW HITPOINT WARNING * * *
You are more poisoned.
You suddenly lose the ability to move!
Your attacks no longer feel as feeble.
You feel very sick.
The gnoll is no longer moving quickly.
The gnoll hits you with a +0 flail.
You die...

########
###...$..#
#........#
#...#
##@g# #gy#
#g.# ...#
...# ....#
...##
.....


You could see a hornet, a gnoll bouda and 2 gnolls.

Vanquished Creatures
  Erica (D:8)
  Sigmund (D:6)
  2 ice beasts (D:8)
  A black bear (D:6)
  3 ogres
  A centaur (D:7)
  A wolf (D:7)
  3 phantoms (D:6)
  2 bullfrogs (D:7)
  2 gnoll sergeants
  A necrophage (D:6)
  2 scorpions
  3 wights (D:7)
  5 killer bees (D:7)
  4 howler monkeys
  A wyvern simulacrum (D:8)
  3 hounds
  A jelly (D:6)
  3 gnoll boudas
  3 orc priests
  Crazy Yiuf (D:7)
  Jessica (D:3)
  An iguana (D:4)
  9 orc wizards
  29 gnolls
  10 adders
  4 white imps
  A worm (D:4)
  12 dart slugs
  23 orcs
  6 endoplasms
  4 giant cockroaches
  11 goblins
  9 hobgoblins
  2 jackals (D:3)
  5 quokkas
  6 ball pythons
  6 bats
  5 frilled lizards (D:1)
  11 kobolds
  7 rats
206 creatures vanquished.

Vanquished Creatures (others)
  An orc (D:8)
  10 plants (D:3)
11 creatures vanquished.

Grand Total: 217 creatures vanquished

Notes
Turn   | Place    | Note
-------+----------+-------------------------------------------
     0 | D:1      | groovy9 the Troll Berserker began the quest for the Orb.
     0 | D:1      | Reached XP level 1. HP: 22/22 MP: 0/0
    78 | D:1      | Reached XP level 2. HP: 26/29 MP: 1/1
   283 | D:1      | Reached ** piety under Trog
   532 | D:1      | Reached XP level 3. HP: 36/36 MP: 2/2
   609 | D:1      | Found a faded altar of an unknown god.
   841 | D:1      | Lost intelligence.
  1289 | D:2      | Reached skill level 4 in Unarmed Combat
  1694 | D:2      | Reached XP level 4. HP: 43/45 MP: 3/3
  2197 | D:3      | Reached *** piety under Trog
  2280 | D:3      | Noticed a scorpion
  2284 | D:3      | Killed a scorpion
  2285 | D:3      | Reached skill level 5 in Unarmed Combat
  2285 | D:3      | Reached XP level 5. HP: 53/53 MP: 4/4
  2518 | D:3      | Noticed Jessica
  2524 | D:3      | Killed Jessica
  3066 | D:4      | Reached XP level 6. HP: 62/62 MP: 5/5
  3113 | D:4      | Found a staircase to the Ecumenical Temple.
  3168 | D:4      | Reached skill level 6 in Unarmed Combat
  3571 | D:4      | Reached XP level 7. HP: 68/70 MP: 6/6
  3686 | D:5      | Entered Level 5 of the Dungeon
  3706 | D:5      | Reached skill level 7 in Unarmed Combat
  3832 | D:5      | Reached **** piety under Trog
  4101 | D:5      | Reached skill level 8 in Unarmed Combat
  4209 | D:5      | Reached skill level 5 in Fighting
  4344 | D:5      | Reached XP level 8. HP: 53/80 MP: 7/7
  4539 | D:6      | Reached skill level 9 in Unarmed Combat
  4787 | D:6      | Noticed Sigmund
  4797 | D:6      | Killed Sigmund
  5118 | D:6      | Reached skill level 10 in Unarmed Combat
  5400 | D:6      | Gained mutation: Your mind is acute. (Int +4, Str/Dex -1)
                  | [potion of mutation]
  5400 | D:6      | Gained mutation: Your mind is very acute. (Int +8, Str/Dex
                  | -2) [potion of mutation]
  5401 | D:6      | Lost mutation: Your mind is very acute. (Int +8, Str/Dex
                  | -2) [potion of mutation]
  5401 | D:6      | Lost mutation: Your mind is acute. (Int +4, Str/Dex -1)
                  | [potion of mutation]
  5401 | D:6      | Gained mutation: You heal very quickly. [potion of
                  | mutation]
  5401 | D:6      | Gained mutation: You expend magic power (3 MP) to
                  | strengthen your wands. [potion of mutation]
  5560 | D:7      | Reached XP level 9. HP: 77/88 MP: 8/8
  5845 | D:7      | Found Zaudong Tose's General Store.
  6068 | D:7      | Reached skill level 11 in Unarmed Combat
  6113 | D:7      | Identified the +4 hammer of Analysis {vorpal, Will+}
  6119 | D:7      | Found a runed translucent door.
  6120 | D:7      | Noticed Crazy Yiuf
  6128 | D:7      | Killed Crazy Yiuf
  6291 | D:8      | Noticed Erica
  6299 | D:8      | Killed Erica
  6444 | D:8      | Reached skill level 5 in Maces & Flails
  6491 | D:8      | Paralysed by a hornet for 1 turns
  6495 | D:8      | HP: 3/92 [hornet (10)]
  6495 | D:8      | Paralysed by a hornet for 2 turns
  6496 | D:8      | Slain by a gnoll

Illustrated notes

Levels and vault maps discovered:
D:1:      wander_arrival_estate, layout_loops_ring,
          chequers_ecumenical_altar_lobes, minmay_tetromino_l2
D:2:      layout_basic, grunt_ministairs_15, minmay_misc_feat_nine_boxes,
          mrwooster_statue_mirror, kennysheep_path_1
D:3:      wander_river, layout_loops_ring, serial_bayou, serial_bayou_shore_a,
          serial_bayou_pond_a, serial_bayou_pond_b, serial_bayou_pond_d,
          corexii_hall_statues_i, kennysheep_flooded_box, uniq_jessica
D:4:      layout_basic, minmay_temple_entry_wispy,
          minmay_a_box_with_orc_wizards_in_it
D:5:      kennysheep_slugbush, layout_basic
D:6:      layout_loops_corners, kennysheep_potato, uniq_sigmund
D:7:      layout_basic, serial_glass, glass_columns_b, glass_columns_b,
          serial_shops, shop, uniq_crazy_yiuf_cottage
D:8:      layout_rooms, serial_ice, serial_ice_i, serial_ice_d, serial_ice_o,
          serial_ice_m, uniq_maggie, uniq_pikel, uniq_erica, uniq_prince_ribbit1

Skill      XL: |  1  2  3  4  5  6  7  8  9 |
---------------+----------------------------+-----
Unarmed Combat | 4 5 6 8 10 11 | 11.1
Fighting       | 3 4 5 6 |  6.7
Maces & Flails | 5 |  5.2
Dodging        | |  2.4

Action                   |  1- 3 |  4- 6 |  7- 9 || total
-------------------------+-------+-------+-------++-------
Melee: Unarmed           |    96 |   168 |   249 ||   513
       Punch             |       |     5 |    10 ||    15
       Mace              |       |       |    13 ||    13
Throw: Javelin           |       |     1 |     1 ||     2
Invok: Berserk           |       |     4 |     8 ||    12
       Trog's Hand       |       |     4 |     7 ||    11
  Use: Scroll            |     3 |    11 |     6 ||    20
       Potion            |     2 |     2 |     4 ||     8
Armor: Animal skin       |    18 |    24 |       ||    42
       Robe              |       |    39 |    64 ||   103
Dodge: Dodged            |    51 |   106 |   150 ||   307
